 Dungeon Crawl Stone Soup version 0.16-a0-3641-g71d4c1b (console) character file.

79 Yospos the Cutter (level 4, -12/26 HPs)
             Began as a Kobold Gladiator on Jan 13, 2015.
             Killed from afar by Ijyb (24 damage)
             ... with a wand of fire
             ... on level 3 of the Dungeon.
             The game lasted 00:02:20 (2081 turns).

Yospos the Cutter (Kobold Gladiator)                Turns: 2081, Time: 00:02:20

Health: -12/26     AC: 14    Str: 14    XL:     4   Next: 64%
Magic:  4/4        EV:  9    Int:  6    God:
Gold:   50         SH:  0    Dex: 16    Spells: 0 memorised, 3 levels left

rFire  . . .     SeeInvis .     r - +4 flail (protect)
rCold  . . .     Clarity  .     w - +0 chain mail
rNeg   . . .     SustAb   .     (no shield)
rPois  .         Gourm    .     c - +0 helmet
rElec  .         Spirit   .     (no cloak)
rCorr  .         Warding  .     (no gloves)
rMut   .         Stasis   .     (no boots)
MR     .....                    (no amulet)
Stlth  ..........               (no ring)
                                (no ring)

@: not resistant to hostile enchantments, extremely unstealthy
A: carnivore 3
a: no special abilities


You were on level 3 of the Dungeon.
You were very full.

You visited 1 branch of the dungeon, and saw 3 of its levels.

You collected 50 gold pieces.

Inventory:

Hand weapons
 a - a +0 rapier
 r - a +4 flail of protection (weapon)
 y - a +2 mace of protection
Missiles
 d - 3 throwing nets (quivered)
 q - 3 needles of sleeping
Armour
 b - a +0 leather armour
 c - a +0 helmet (worn)
 w - a +0 chain mail (worn)
Jewellery
 h - an uncursed ring of stealth {unknown}
 l - an uncursed ring of protection from fire {unknown}
Magical devices
 v - a wand of polymorph (5)
 x - a wand of slowing (24)
Scrolls
 e - 3 scrolls of identify {unknown}
 i - a scroll of enchant armour {unknown}
 m - a scroll of random uselessness {unknown}
 n - a scroll of recharging {unknown}
 s - a scroll of remove curse {unknown}
 u - a scroll of magic mapping {unknown}
Potions
 k - a potion of heal wounds {unknown}
 o - 2 potions of curing {unknown}
 p - a potion of haste {unknown}
 t - a potion of agility {unknown}
 z - a potion of beneficial mutation {unknown}
Comestibles
 f - 3 meat rations
 g - a slice of pizza
 j - 2 royal jellies


   Skills:
 - Level 2.1 Fighting
 - Level 5.6 Short Blades
 + Level 2.4 Maces & Flails
 - Level 2.6 Throwing
 - Level 3.6 Dodging


You had 3 spell levels left.
You didn't know any spells.

Dungeon Overview and Level Annotations

Branches:
Dungeon (3/15)

Altars:
Makhleb
Qazlal

Annotations:
D:3 Ijyb


Innate Abilities, Weirdness & Mutations

You are small and have problems with some larger weapons.
You are carnivorous and can eat meat at any time.


Message History

Things that are here:
a dagger; a club; a club
Items here: ))) รทรท a club x2 a dagger; a hobgoblin skeleton; a goblin skeleton
Things that are here:
a dagger; a club; a club
Things that are here:
an animal skin; a helmet; a dagger Ijyb the Twisted Goblin comes into view.
He is wielding a club.
Ijyb shouts!
Ijyb is nearby!
Ijyb is nearby!
Ijyb is nearby!
Ijyb zaps a wand.
The bolt of fire misses you.
It is a wand of fire.
Ijyb zaps a wand.
The bolt of fire hits you!
Ouch! That really hurt!
Ijyb zaps a wand.
The bolt of fire hits you!
Ouch! That really hurt!
You die...

## ### # .....
.. #.#.. ..
#####.#.####.#
........#)<#.##
.........#)##..
........(#[#.g#
...........#..#
.........###@.#
.........###..#
...........#..#
...>....#.#..#
.............#
..........#.##
.........#.#
......###..
###### ####


You could see Ijyb.

Vanquished Creatures
  Robin (D:3)
  2 adders (D:2)
  An ooze (D:1)
  3 giant cockroaches
  13 goblins
  12 hobgoblins
  3 kobolds (D:1)
  2 quokkas (D:2)
  A ball python (D:2)
  A bat (D:2)
  2 giant newts (D:1)
  6 rats (D:1)
47 creatures vanquished.

Notes
Turn   | Place    | Note
--------------------------------------------------------------
     0 | D:1      | Yospos, the Kobold Gladiator, began the quest for the Orb.
     0 | D:1      | Reached XP level 1. HP: 12/12 MP: 1/1
   240 | D:1      | Reached XP level 2. HP: 17/17 MP: 2/2
   305 | D:1      | Reached skill level 5 in Short Blades
   409 | D:1      | Reached XP level 3. HP: 19/21 MP: 3/3
   629 | D:1      | You fall through a shaft!
  1033 | D:2      | Found a burning altar of Makhleb.
  1056 | D:2      | Reached skill level 1 in Maces & Flails
  1393 | D:2      | Found a stormy altar of Qazlal.
  1529 | D:3      | Noticed Robin
  1551 | D:2      | Reached XP level 4. HP: 6/26 MP: 4/4
  1947 | D:3      | Killed Robin
  2077 | D:3      | Noticed Ijyb
  2081 | D:3      | Killed from afar by Ijyb

Action                   |  1- 3 |  4- 6 || total
-------------------------+-------+-------++-------
Melee: Rapier            |    87 |       ||    87
       Flail             |    39 |    30 ||    69
       Unarmed           |       |     4 ||     4
 Stab: Sleeping          |     1 |       ||     1
  Eat: Chunk             |     9 |     2 ||    11
